AoeStats
← AnderSlevin

Golden Pit

509689336Analyzed
1v1 RM · 6d ago on Sep 27, 2026· 22m 17s· 2 players
Game mode
Random Map
Map size
Tiny (2 player)
Population
200
Speed
Normal
Resources
Standard
Victory
Conquest
Starting age
Dark Age
Ending age
Imperial Age
RankedLock teamsTeams togetherTeam positionsShared explorationLock speedFull tech treeHidden civsTurbo modeCheats
Victory
Defeat
🇨🇱 Bohemians · Chile
526
+21
🇪🇸 Burgundians · Spain
641
-30
fabianskiy2
10:34 Feudal Age
16:19 Man-at-Arms
19:40 Fletching
20:35 Arson
AnderSlevin
0:28 Loom
13:07 Feudal Age
17:11 Double-Bit Axe
17:33 Gold Mining
17:41 Horse Collar
22:35 Castle Age
20:54 Heavy Plow
21:12 Bow Saw
21:48 Heavy Plow
Connection lost

Rejoining the realm…

Still unreachable

The connection could not be restored.

Session expired

The server has moved on; the page needs a fresh start.